 Dungeon Crawl Stone Soup version 0.26-a0-466-g989023bd0d (webtiles) character file.

Game seed: 1273423907914820519

117 Lanoc the Vandal (level 5, -2/35 HPs)
             Began as a Halfling Hunter on Aug 13, 2020.
             Slain by a wight
             ... wielding a cursed +2 scimitar of freezing
              (6 damage)
             ... on level 4 of the Dungeon.
             The game lasted 00:02:44 (2378 turns).

Lanoc the Vandal (Halfling Hunter)                  Turns: 2378, Time: 00:02:44

Health: -2/35      AC:  3    Str: 13    XL:     5   Next: 22%
Magic:  5/5        EV: 14    Int:  9    God:
Gold:   167        SH:  0    Dex: 16    Spells: 4/4 levels left

rFire    . . .     SeeInvis .   a - +1 hunting sling
rCold    + . .     Faith    .   (shield restricted)
rNeg     . . .     Spirit   .   c - +0 leather armour
rPois    .         Reflect  .   (no helmet)
rElec    .         Harm     .   (no cloak)
rCorr    .                      (no gloves)
MR       .....                  (no boots)
Stlth    +.........             (no amulet)
HPRegen  0.11/turn              n - ring of protection from cold
MPRegen  0.09/turn              (no ring)

@: heavily drained, invisible
A: small, mutation resistance 1
a: no special abilities


You were on level 4 of the Dungeon.
You visited 1 branch of the dungeon, and saw 4 of its levels.

You collected 167 gold pieces.

Inventory:

Hand Weapons
 a - a +1 hunting sling (weapon)
 b - a +0 short sword
Missiles
 d - 11 sling bullets
 h - 77 stones (quivered)
Armour
 c - a +0 leather armour (worn)
Jewellery
 n - a ring of protection from cold (left hand)
Scrolls
 e - 2 scrolls of enchant weapon {unknown}
 k - 2 scrolls of teleportation {unknown}
 l - 3 scrolls of identify {unknown}
 m - a scroll of noise {unknown}
Potions
 f - a potion of mutation
 i - a potion of haste {unknown}
 j - 2 potions of lignification {unknown}
 o - a potion of degeneration {unknown}


   Skills:
 + Level 2.6(1.5) Fighting
 * Level 7.5(6.2) Slings
 + Level 3.3(2.1) Dodging
 - Level 1.1(0.0) Stealth


You had 4 spell levels left.
You didn't know any spells.
Your spell library was empty.

Dungeon Overview and Level Annotations

Branches:
Dungeon (4/15)
 Temple: D:4-7

Altars:
Gozag
Vehumet


Innate Abilities, Weirdness & Mutations

You are small and have problems with some larger weapons.
You are somewhat resistant to further mutation.


Message History

The wight hits you with a cursed +2 scimitar of freezing.
You feel drained.
You are too injured to fight recklessly!
You are too injured to fight recklessly!
You are too injured to fight recklessly!
Firing (i - inventory. (/) - cycle)
h - 78 stones (quivered)
Press: ? - help, Shift-Dir - straight line, f/p - wight
Aim: a wight, wielding a +2 scimitar of freezing and wearing a +0 robe (heavily damaged)
You shoot a stone.
The stone hits the wight but does no damage.
The wight is heavily damaged.
The wight hits you with a cursed +2 scimitar of freezing!
* * * LOW HITPOINT WARNING * * *
The wight freezes you.
* * * LOW HITPOINT WARNING * * *
It was a potion of mutation.
You feel extremely strange.
It was a potion of invisibility.
You fade into invisibility!
The wight hits you with a cursed +2 scimitar of freezing.
You die...

#.......# ..
##..... .##...
#...... ..#...
##.....##......
##...............
#................
##....#..........
........@......#
##.#.#..z.##...##
###.(##....##
#..(.......
#..##...... #....
..$.( ....###
.... ##..(. )..
##..........(


You could see a wight.

Vanquished Creatures
  A scorpion (D:2)
  An adder (D:2)
  An ooze (D:2)
  4 worms
  2 dart slugs
  2 leopard geckos (D:1)
  2 orcs
  A giant cockroach (D:2)
  3 goblins
  2 hobgoblins
  4 jackals (D:2)
  A quokka (D:2)
  5 bats
  3 frilled lizards
  2 kobolds
  3 rats
37 creatures vanquished.

Notes
Turn   | Place    | Note
-------+----------+-------------------------------------------
     0 | D:1      | Lanoc the Halfling Hunter began the quest for the Orb.
     0 | D:1      | Reached XP level 1. HP: 14/14 MP: 1/1
    48 | D:1      | Reached skill level 6 in Slings
   234 | D:1      | Reached XP level 2. HP: 19/19 MP: 2/2
   389 | D:2      | Reached XP level 3. HP: 17/24 MP: 3/3
   608 | D:2      | Found an opulent altar of Gozag.
   806 | D:2      | Reached XP level 4. HP: 26/29 MP: 4/4
  1074 | D:2      | Reached skill level 7 in Slings
  1273 | D:2      | Reached XP level 5. HP: 23/35 MP: 5/5
  1312 | D:2      | HP: 1/35 [poisoned by a scorpion]
  2050 | D:3      | Found a radiant altar of Vehumet.
  2378 | D:4      | Slain by a wight

Illustrated notes

Levels and vault maps discovered:
D:1:      shiori_arrival_maze, layout_loops_corners
D:2:      layout_loops_ring, nicolae_gozag_seed_capital
D:3:      layout_loops_ring, vehumet_crystals
D:4:      layout_cave_pools, serial_shops, shop

Skill      XL: |  1  2  3  4 |
---------------+-------------+-----
Slings         | 6 7 |  7.5
Fighting       | 2 |  2.6
Dodging        | 3 |  3.3
Stealth        | |  1.1

Action                   |  1- 3 |  4- 6 || total
-------------------------+-------+-------++-------
 Fire: Hunting sling     |    84 |    64 ||   148
  Use: Potion            |       |     2 ||     2
Armor: Leather armour    |     4 |     1 ||     5
Dodge: Dodged            |    21 |     9 ||    30

Table legend: (Time is in decaauts)
 A = Elapsed time spent in this place.
 B = Non-inter-level travel time spent in this place.
 C = Inter-level travel time spent in this place.
 D = Time resting spent in this place.
 E = Time spent auto-exploring this place.
 F = Levels seen in this place.
 G = Mean time per level.
                   A        B        C        D        E       F      G
               +--------+--------+--------+--------+--------+-----+--------+
         Total |   2357 |   2316 |     41 |    465 |   1573 |   4 |  589.2 |
       Dungeon |   2357 |   2316 |     41 |    465 |   1573 |   4 |  589.2 |
               +--------+--------+--------+--------+--------+-----+--------+

Top non-repeatable levels by time:
     D:2: 1241 daAuts
     D:3: 706 daAuts
     D:1: 376 daAuts
     D:4: 33 daAuts
